 Dungeon Crawl Stone Soup version 0.21-a0-531-gacddea6 (webtiles) character file.

74 Amnesiac the Digger (level 4, -2/27 HPs)
             Began as a Deep Elf Earth Elementalist on Dec 13, 2017.
             Killed from afar by Amnesiac's ghost (6 damage)
             ... with a blast of sand
             ... on level 3 of the Dungeon.
             The game lasted 00:02:55 (2203 turns).

Amnesiac the Digger (Deep Elf Earth Elementalist)   Turns: 2203, Time: 00:02:55

Health: -2/27      AC:  6    Str:  5    XL:     4   Next: 10%
Magic:  0/10       EV: 13    Int: 21    God:
Gold:   53         SH:  0    Dex: 15    Spells: 3/9 levels left

rFire    . . .     SeeInvis .   g - +0 whip
rCold    . . .     Gourm    .   (no shield)
rNeg     . . .     Faith    .   c - +0 robe
rPois    .         Spirit   .   k - +0 helmet
rElec    .         Reflect  .   (no cloak)
rCorr    .         Harm     .   f - +2 pair of gloves
MR       .....                  (no boots)
Stlth    ++........             (no amulet)
HPRegen  0.09/turn              (no ring)
MPRegen  0.12/turn              (no ring)

@: no status effects
A: no striking features
a: no special abilities


You were on level 3 of the Dungeon.
You were not hungry.

You visited 1 branch of the dungeon, and saw 3 of its levels.

You collected 53 gold pieces.

Inventory:

Hand Weapons
 g - a +0 whip (weapon)
Missiles
 b - 80 stones (quivered)
Armour
 c - a +0 robe (worn)
 f - a +2 pair of gloves (worn)
 k - a +0 helmet (worn)
Scrolls
 h - 3 scrolls of enchant armour {!r, unknown}
 j - 2 scrolls of identify {!r, unknown}
 m - 2 scrolls of enchant weapon {!r, unknown}
 n - a scroll of amnesia {!r, unknown}
 p - a scroll of remove curse {!r, unknown}
Potions
 a - a potion of curing {!q, unknown}
 l - a potion of flight {!q, unknown}
Books
 e - a book of Geomancy

   Spells                             Type                      Level
   a - Sandblast                      Earth                        1
   b - Passwall                       Transmutation/Earth          2
   c - Stone Arrow                    Conjuration/Earth            3
   d - Petrify                        Transmutation/Earth          4
   e - Lee's Rapid Deconstruction     Earth                        5
 q - a book of Minor Magic

   Spells                             Type                      Level
   a - Magic Dart                     Conjuration                  1
   b - Blink                          Translocation                2
   c - Call Imp                       Summoning                    2
   d - Slow                           Hexes                        2
   e - Conjure Flame                  Conjuration/Fire             3
   f - Mephitic Cloud                 Conjuration/Poison/Air       3
Comestibles
 d - 4 bread rations
 i - a meat ration
 o - 3 chunks of flesh


   Skills:
 * Level 2.6 Fighting
 + Level 2.7 Dodging
 - Level 2.4 Stealth
 + Level 3.1 Spellcasting
 + Level 0.5 Conjurations
 + Level 1.2 Transmutations
 + Level 3.4 Earth Magic


You had 3 spell levels left.
You knew the following spells:

 Your Spells              Type           Power        Failure   Level  Hunger
a - Sandblast             Erth           ###...       3%          1    None
b - Stone Arrow           Conj/Erth      ##....       17%         3    ###....
c - Passwall              Tmut/Erth      ##........   8%          2    ##.....


Dungeon Overview and Level Annotations

Branches:
Dungeon (3/15)

Altars:
Cheibriados

Annotations:
D:3 Amnesiac's ghost, novice DEEE


Message History

Confirm with . or Enter, or press ? or * to list all spells.
Aiming: Sandblast
Press: ? - help, Shift-Dir - straight line, f/p - Amnesiac's ghost
Aim: Amnesiac's ghost, wielding a weapon of freezing (moderately damaged)
The blast of sand hits Amnesiac's ghost.
Amnesiac's ghost is heavily damaged.
b - 85 stones Amnesiac's ghost points at you and mumbles some strange words.
The blast of sand hits you!
Casting: Sandblast
Confirm with . or Enter, or press ? or * to list all spells.
Aiming: Sandblast
Press: ? - help, Shift-Dir - straight line, f/p - Amnesiac's ghost
Aim: Amnesiac's ghost, wielding a weapon of freezing (heavily damaged)
The blast of sand misses Amnesiac's ghost.
b - 84 stones Amnesiac's ghost hits you but does no damage.
Casting: Sandblast
Confirm with . or Enter, or press ? or * to list all spells.
Aiming: Sandblast
Press: ? - help, Shift-Dir - straight line, f/p - Amnesiac's ghost
Aim: Amnesiac's ghost, wielding a weapon of freezing (heavily damaged)
The blast of sand hits Amnesiac's ghost.
Amnesiac's ghost is heavily damaged.
b - 83 stones Amnesiac's ghost closely misses you.
Casting: Sandblast
Confirm with . or Enter, or press ? or * to list all spells.
Aiming: Sandblast
Press: ? - help, Shift-Dir - straight line, f/p - Amnesiac's ghost
Aim: Amnesiac's ghost, wielding a weapon of freezing (heavily damaged)
The blast of sand hits Amnesiac's ghost.
Amnesiac's ghost is severely damaged.
b - 82 stones Amnesiac's ghost hits you but does no damage.
Casting: Sandblast
Confirm with . or Enter, or press ? or * to list all spells.
Aiming: Sandblast
Press: ? - help, Shift-Dir - straight line, f/p - Amnesiac's ghost
Aim: Amnesiac's ghost, wielding a weapon of freezing (severely damaged)
The blast of sand hits Amnesiac's ghost.
Amnesiac's ghost is severely damaged.
b - 81 stones Amnesiac's ghost points at you and mumbles some strange words.
The blast of sand hits you!
* * * LOW HITPOINT WARNING * * *
Casting: Sandblast
Confirm with . or Enter, or press ? or * to list all spells.
Aiming: Sandblast
Press: ? - help, Shift-Dir - straight line, f/p - Amnesiac's ghost
Aim: Amnesiac's ghost, wielding a weapon of freezing (severely damaged)
The blast of sand hits Amnesiac's ghost.
Amnesiac's ghost is almost destroyed.
b - 80 stones Amnesiac's ghost points at you and mumbles some strange words.
The blast of sand hits you!
Amnesiac's ghost points at you and mumbles some strange words.
The blast of sand hits you!
Amnesiac's ghost points at you and mumbles some strange words.
The blast of sand hits you!
* * * LOW HITPOINT WARNING * * *
Amnesiac's ghost points at you and mumbles some strange words.
The blast of sand hits you!
You die...

######## .
#....).###### ...
+............ ....
#.#@......###
.....#.#....##.# #
#.....)....##.######.#
...###....W...........#
#####..##.......####.
#....................
#.#....###......#####
#.....#####.......#
#.....######..###[#


You could see Amnesiac's ghost.

Vanquished Creatures
  A gnoll (D:1)
  2 adders (D:2)
  2 dart slugs
  2 leopard geckos
  2 ball pythons
  A giant cockroach (D:1)
  5 goblins
  5 hobgoblins
  3 jackals (D:1)
  2 kobolds
  4 bats
  7 frilled lizards
  4 rats
40 creatures vanquished.

Notes
Turn   | Place    | Note
-------+----------+-------------------------------------------
     0 | D:1      | Amnesiac the Deep Elf Earth Elementalist began the quest for the Orb.
     0 | D:1      | Reached XP level 1. HP: 10/10 MP: 6/6
   313 | D:1      | Reached skill level 1 in Fighting
   313 | D:1      | Reached XP level 2. HP: 16/16 MP: 4/8
   956 | D:1      | Reached XP level 3. HP: 21/21 MP: 4/9
  1151 | D:1      | Learned a level 3 spell: Stone Arrow
  1154 | D:1      | Learned a level 2 spell: Passwall
  1697 | D:2      | Found a snail-covered altar of Cheibriados.
  1802 | D:2      | Reached XP level 4. HP: 27/27 MP: 7/10
  2188 | D:3      | Noticed Amnesiac's ghost (novice DEEE)
  2203 | D:3      | Killed from afar by Amnesiac's ghost

Vault maps used:
D:1:      dpeg_arrival_leaves_temple_mockup
D:2:      kennysheep_slug_shrine, grunt_ministairs_11, nrook_uturn
D:3:      fedhas_altar_4

Skill      XL: |  1  2 |
---------------+-------+-----
Fighting       | 1 2 |  2.6
Dodging        | |  2.7
Stealth        | |  2.4
Spellcasting   | |  3.1
Conjurations   | |  0.5
Transmutations | |  1.2
Earth Magic    | |  3.4

Action                   |  1- 3 |  4- 6 || total
-------------------------+-------+-------++-------
Melee: Unarmed           |     2 |       ||     2
       Whip              |    36 |    36 ||    72
Throw: Stone             |     1 |       ||     1
 Cast: Sandblast         |    40 |    15 ||    55
  Eat: Chunk             |     3 |     1 ||     4
Armor: Robe              |    16 |    14 ||    30
Dodge: Dodged            |    37 |    28 ||    65

Table legend:
 A = Spawn XP
 B = Non-spawn XP
 C = Spawn XP percentage of total XP
 D = Spawn monster count
 E = Non-spawn monster count
 F = Spawn count percentage of total count
 G = Total turns spent on level
                    A         B        C        D         E        F      G
               +---------+---------+-------+---------+---------+-------+---------
         Total |       0 |     107 |   0.0 |       0 |      40 |   0.0 |  2203
               +---------+---------+-------+---------+---------+-------+---------
           D:1 |       0 |      56 |   0.0 |       0 |      24 |   0.0 |  1420
           D:2 |       0 |      44 |   0.0 |       0 |      11 |   0.0 |   707
           D:3 |       0 |       7 |   0.0 |       0 |       5 |   0.0 |    76
               +---------+---------+-------+---------+---------+-------+---------
